 Dungeon Crawl Stone Soup version 0.28.0-53-g5a82cb258f (webtiles) character file.

Game seed: 18035870434577786235

4 MiltankisOP the Skirmisher (level 1, -2/18 HPs)
             Began as a Formicid Abyssal Knight on July 12, 2022.
             Was an Initiate of Lugonu.
             Slain by a kobold
             ... wielding a +2 dagger of flaming
              (3 damage)
             ... on level 1 of the Dungeon.
             The game lasted 00:00:48 (473 turns).

MiltankisOP the Skirmisher (Formicid Abyssal Knight) Turns: 473, Time: 00:00:49

Health: -2/18      AC:  3    Str: 17    XL:     1   Next: 77%
Magic:  2/2        EV: 11    Int:  9    God:    Lugonu [......]
Gold:   13         SH:  0    Dex: 11    Spells: 0/0 levels left

rFire   . . .      SeeInvis +   a - +1 hand axe
rCold   . . .      Faith    .   (no shield)
rNeg    . . .      Spirit   .   b - +0 leather armour
rPois   .          Reflect  .   (helmet unavailable)
rElec   .          Harm     .   (no cloak)
rCorr   .          Rampage  .   (no gloves)
Will    .....                   (no boots)
Stlth   +.........              (no amulet)
HPRegen 0.06/turn               (no ring)
MPRegen 0.08/turn               (no ring)

@: no status effects
A: permanent stasis, dig shafts and tunnels, antennae 3, four strong arms
a: Dig, Shaft Self, Renounce Religion


You were on level 1 of the Dungeon.
You worshipped Lugonu.
Lugonu was noncommittal.
You visited 1 branch of the dungeon, and saw 1 of its levels.
You visited the Abyss 1 time.

You collected 13 gold pieces.

Inventory:

Hand Weapons
 a - a +1 hand axe (weapon)
Armour
 b - a +0 leather armour (worn)
Scrolls
 c - a scroll of teleportation {unknown}
 e - 2 scrolls of identify {unknown}
 f - a scroll of blinking {unknown}
Potions
 d - a potion of cancellation {unknown}


   Skills:
 - Level 3.3 Fighting
 + Level 2.4 Axes
 - Level 2.2 Armour
 - Level 0.8 Dodging
 - Level 2.2 Invocations


You couldn't memorise any spells.
You didn't know any spells.
Your spell library was empty.

Dungeon Overview and Level Annotations

Branches:
Dungeon (1/15)

Altars:


Innate Abilities, Weirdness & Mutations

You cannot be hasted, slowed, berserked, paralysed or teleported.
You can dig through walls and to a lower floor.
You have a pair of large antennae on your head. (SInv)
Your four strong arms can wield two-handed weapons with a shield.


Message History

You see here a rat corpse.
Found a trident.
You see here a +0 trident.
Found a stone staircase leading down.
You sense a monster nearby.
You sense a monster nearby.
A kobold comes into view. It is wielding a +2 dagger of flaming.
Found 12 gold pieces.
The kobold shouts!
An endoplasm comes into view.
The kobold barely misses you.
You closely miss the kobold.
The kobold hits you with a +2 dagger of flaming.
The kobold burns you.
You are too injured to fight recklessly!
You are too injured to fight recklessly!
You barely miss the kobold. The kobold misses you.
You closely miss the kobold. The kobold hits you but does no damage.
The kobold hits you with a +2 dagger of flaming.
The kobold burns you.
You barely miss the kobold. The kobold closely misses you.
You hit the kobold.
The kobold is heavily wounded.
The kobold hits you with a +2 dagger of flaming.
The kobold burns you.
* * * LOW HITPOINT WARNING * * *
Okay, then.
You miss the kobold.
The kobold is heavily wounded.
The kobold hits you but does no damage.
You closely miss the kobold.
The kobold is heavily wounded.
The kobold hits you with a +2 dagger of flaming.
* * * LOW HITPOINT WARNING * * *
The kobold burns you.
* * * LOW HITPOINT WARNING * * *
You closely miss the kobold.
The kobold is heavily wounded.
The kobold hits you with a +2 dagger of flaming.
You die...

#####################
................@K.>#
###################.#
#.......# #$.####.#
#J.# ...# ##.# .# ##


You could see a kobold.

Vanquished Creatures
  A goblin (D:1)
  A hobgoblin (D:1)
  A ball python (D:1)
  A kobold (D:1)
  A rat (D:1)
5 creatures vanquished.

Notes
Turn   | Place    | Note
-------+----------+-------------------------------------------
     0 | Abyss:1  | MiltankisOP the Formicid Abyssal Knight began the quest for
                  | the Orb.
     0 | Abyss:1  | Reached XP level 1. HP: 18/18 MP: 2/2
    31 | Abyss:1  | Noticed a smoke demon
    32 | D:1      | Escaped the Abyss
   473 | D:1      | Slain by a kobold

Illustrated notes

Levels and vault maps discovered:
D:1:      beargit_arrival_greenhouse, layout_basic, minmay_tromino_mix6

Action                   || total
-------------------------++-------
Melee: Hand axe          ||    15
Invok: Depart the Abyss  ||     1
Armor: Leather armour    ||     2
Dodge: Dodged            ||     4
